[Event "WYCC 2018 O16"]
[Site "Halkidiki"]
[Date "2018.10.29"]
[Round "10"]
[White "Van Malder, Dries"]
[Black "Talukdar, Rohan"]
[Result "0-1"]
[ECO "D82"]
[WhiteElo "2150"]
[BlackElo "2279"]
[Annotator "NA"]
[PlyCount "84"]
[EventDate "2018.10.20"]
[EventType "swiss"]
[EventCountry "GRE"]
[SourceTitle "playchess.com"]
[Source "ChessBase"]
[SourceQuality "1"]
[TimeControl "40/5400+30:1800+30"]

1. d4 Nf6 2. c4 g6 3. Nc3 d5 4. Bf4 Bg7 5. e3 c6 6. Nf3 O-O 7. Rc1 Be6 8. c5 Bg4 {[%emt 0:02:38] LiveBook: 8 Games} 9. Be2 Bxf3 10. Bxf3 Nbd7 11. O-O Re8 12. Qc2 e5 13. Bg3 h5 14. h3 Nh7 15. Rcd1 $17 Ng5 16. Be2 exd4 17. exd4 Ne6 18. Qa4 b5 19. Nxb5 cxb5 20. Bxb5 Re7 21. Bd6 Nf6 22. Bc6 Rb8 23. b4 Ne4 24. Bxe7 Qxe7 25. Rd3 Nxd4 26. Bxd5 Nc3 27. Re3 Qc7 28. Bxf7+ Qxf7 29. Qa6 Nd5 30. Rg3 Kh7 31. a3 Re8 32. Kh1 Re2 33. Rg5 Nf4 34. Qd6 Nfe6 35. Rd5 Rxf2 36. Rxf2 Qxf2 37. Rxd4 Nxd4 38. Qd7 Ne2 39. Qd1 Bd4 40. c6 Ng3+ 41. Kh2 Nf1+ 42. Kh1 Qg1# 0-1

[Event "WYCC 2018 O16"]
[Site "Halkidiki"]
[Date "2018.10.29"]
[Round "10"]
[White "Fernandez Garcia, Gumersindo"]
[Black "Faerber, David"]
[Result "0-1"]
[ECO "A06"]
[WhiteElo "2065"]
[BlackElo "2279"]
[Annotator "NA"]
[PlyCount "96"]
[EventDate "2018.10.20"]
[EventType "swiss"]
[EventCountry "GRE"]
[SourceTitle "playchess.com"]
[Source "ChessBase"]
[SourceQuality "1"]
[TimeControl "40/5400+30:1800+30"]

1. Nf3 d5 2. e3 Nf6 3. c4 c6 4. Nc3 g6 5. d4 Bg7 6. Be2 O-O 7. O-O Bf5 {[%emt 0:06:06] LiveBook: 46 Games} 8. Nh4 Be6 9. c5 Bc8 10. f4 b6 11. b4 a5 12. Na4 Nbd7 13. Bd2 b5 14. Nb2 Ne4 $11 15. Nf3 axb4 16. Bxb4 Ndxc5 17. Bxc5 Nxc5 18. Qc2 Ne4 19. Bd3 Bf5 20. Nd2 Nxd2 21. Qxd2 Qd6 22. Bxf5 gxf5 23. Nd3 Ra3 24. Rac1 Rfa8 25. Rc2 R3a4 26. Rfc1 Rc4 27. Nc5 e6 28. a4 Rxc2 29. Qxc2 bxa4 30. Nxa4 Qa3 31. Nc3 c5 32. dxc5 Qxc5 33. Nd1 Qb4 34. Nf2 h6 35. Rb1 Qc4 36. Qxc4 dxc4 37. Rc1 Bb2 38. Rb1 c3 39. Nd3 Rd8 40. Nxb2 Rb8 41. h3 Kf8 42. g4 Ke7 43. g5 h5 44. Kf1 cxb2 45. Ke2 Kd6 46. Kd2 Kd5 47. Kd3 h4 48. Ke2 Kc4 0-1

[Event "WYCC 2018 O16"]
[Site "Halkidiki"]
[Date "2018.10.29"]
[Round "10"]
[White "Kim, Yunseo"]
[Black "Katopodis, Dimitrios"]
[Result "0-1"]
[ECO "D52"]
[WhiteElo "1995"]
[BlackElo "2310"]
[Annotator "NA"]
[PlyCount "38"]
[EventDate "2018.10.20"]
[EventType "swiss"]
[EventCountry "GRE"]
[SourceTitle "playchess.com"]
[Source "ChessBase"]
[SourceQuality "1"]
[TimeControl "40/5400+30:1800+30"]

1. d4 d5 2. c4 e6 3. Nc3 Nf6 4. Nf3 c6 5. Bg5 Nbd7 6. e3 Be7 7. Bd3 O-O 8. O-O b6 9. Qe2 Bb7 10. e4 dxc4 11. Bxc4 c5 12. Rfd1 cxd4 13. Nxd4 Qe8 14. Nxe6 fxe6 15. Bxe6+ Kh8 16. e5 Qg6 17. f4 $2 (17. exf6 $11 {and White stays safe.} Nxf6 18. Bh3) 17... Bc5+ 18. Kh1 $19 Ne4 19. f5 Ng3+ 0-1

[Event "WYCC 2018 O16"]
[Site "Halkidiki"]
[Date "2018.10.29"]
[Round "10"]
[White "Lin, Kerry"]
[Black "Chukavin, Kirill"]
[Result "0-1"]
[ECO "B84"]
[WhiteElo "1931"]
[BlackElo "2274"]
[Annotator "NA"]
[PlyCount "82"]
[EventDate "2018.10.20"]
[EventType "swiss"]
[EventCountry "GRE"]
[SourceTitle "playchess.com"]
[Source "ChessBase"]
[SourceQuality "1"]
[TimeControl "40/5400+30:1800+30"]

1. e4 c5 2. Nf3 d6 3. d4 cxd4 4. Nxd4 Nf6 5. Nc3 a6 6. Be2 e6 7. g4 h6 8. h3 Nbd7 9. O-O b5 10. a3 Bb7 11. Bf3 Rc8 12. Nde2 Be7 13. Ng3 O-O $17 14. Qe2 Qc7 15. Bf4 Ne5 16. Bg2 Nc4 17. Bc1 Rfd8 18. Rd1 Nd7 19. Nb1 Ncb6 20. c3 d5 21. Be3 Nc4 22. exd5 Nxe3 23. Qxe3 Nf6 24. d6 Bxd6 25. Bxb7 Bxg3 26. Rxd8+ Rxd8 27. Bf3 Bh2+ 28. Kg2 Nd5 29. Bxd5 Rxd5 30. a4 Rd1 31. axb5 Qb7+ 32. Kxh2 Rh1+ 33. Kg3 Rg1+ 34. Kf4 g5+ 35. Ke5 Rd1 36. c4 Kg7 37. Nd2 Rxa1 38. bxa6 Ra5+ 39. Kd4 Qxb2+ 40. Qc3 e5+ 41. Kd3 Ra3 {[%emt 0:00:30] Kd4} 0-1

[Event "WYCC 2018 O16"]
[Site "Halkidiki"]
[Date "2018.10.29"]
[Round "10"]
[White "Buniatyan, David"]
[Black "De Waele, Warre"]
[Result "0-1"]
[ECO "D00"]
[WhiteElo "1795"]
[BlackElo "2272"]
[Annotator "NA"]
[PlyCount "62"]
[EventDate "2018.10.20"]
[EventType "swiss"]
[EventCountry "GRE"]
[SourceTitle "playchess.com"]
[Source "ChessBase"]
[SourceQuality "1"]
[TimeControl "40/5400+30:1800+30"]

1. d4 d5 2. Bg5 f6 3. Bh4 Nh6 4. e3 Nf5 5. Bg3 {[%emt 0:02:15] D00: Damenbauernspiele} h5 6. Be2 h4 7. Bh5+ Kd7 8. Bg4 (8. Bf4 g5 9. e4 dxe4 10. d5 gxf4 11. Bg4 Ke8 12. Bh5+ Kd7 {0-1 (51) Bromann,T (2384)-Gretarsson,H (2567) Reykjavik 2017}) 8... e6 9. e4 $146 ({Vorgänger:} 9. Bf4 g5 10. e4 dxe4 11. Bc1 c6 12. f3 exf3 13. Nxf3 {½-½ (31) Sosulin,E (2416)-Gusev,A (2423) Pervomaisky 2016}) 9... dxe4 $2 ({Worse is} 9... Nxg3 10. hxg3 dxe4 11. d5 $11) (9... hxg3 $19 {and Black stays clearly on top.} 10. Nh3 gxf2+ 11. Nxf2 dxe4) 10. Bf4 Ke7 11. Nc3 Kf7 12. Nxe4 Qxd4 13. Qxd4 Nxd4 14. O-O-O Ndc6 15. Nc3 Na6 16. Bf3 e5 17. Be3 Be6 18. a3 Rb8 19. b4 Nd4 20. Bxd4 exd4 21. Nb5 c5 22. Ne2 Bc4 23. Nxa7 Ra8 24. b5 Rxa7 $19 25. bxa6 Rxa6 26. Kb2 Rb6+ 27. Kc1 g6 28. Kd2 Bh6+ 29. Ke1 Re8 30. Kf1 Rbe6 31. Re1 Bd2 0-1

[Event "WYCC 2018 O16"]
[Site "Halkidiki"]
[Date "2018.10.30"]
[Round "11"]
[White "Bekturov, Tamerlan"]
[Black "Baenziger, Fabian"]
[Result "0-1"]
[ECO "A58"]
[WhiteElo "2297"]
[BlackElo "2355"]
[Annotator "NA RC"]
[PlyCount "54"]
[EventDate "2018.10.20"]
[EventType "swiss"]
[EventCountry "GRE"]
[SourceTitle "playchess.com"]
[Source "ChessBase"]
[SourceQuality "1"]
[TimeControl "40/5400+30:1800+30"]

1. d4 Nf6 2. c4 c5 3. d5 b5 4. cxb5 a6 5. bxa6 e6 6. Nc3 {[%emt 0:08:31] A58: Benko/Volga Gambit: Lines with 5 bxa6} exd5 7. Nxd5 Nxa6 (7... Be7 8. e3 O-O 9. Ne2 Nxd5 10. Qxd5 Rxa6 11. Nc3 Rd6 12. Qf3 Nc6 13. Be2 Bb7 {½-½ (27) Nakamura,H (2787)-Dubov,D (2701) Moscow 2018}) 8. Bg5 Be7 9. Nxe7 Qxe7 10. Nf3 Rb8 11. b3 h6 $146 ({Predecessor:} 11... Rb6 12. e3 O-O 13. Be2 h6 14. Bxf6 Rxf6 {1-0 (59) Lenaerts,L (2268)-Braga,F (2418) Belgium 2015}) 12. Bf4 Rb6 13. e3 Bb7 14. Be2 g5 15. Bg3 Ne4 16. Be5 Rg8 $1 17. Bb2 Rd6 18. Qc1 (18. Qb1 $14) 18... g4 19. Ne5 Rd2 20. Nc4 {[%emt 0:03:18] [#]} Rxe2+ $1 21. Kxe2 d5 22. Na5 Nb4 23. Nxb7 Qxb7 24. Rd1 Qb5+ 25. Ke1 Rg5 26. Qb1 $19 g3 27. fxg3 Rf5 0-1

[Event "WYCC 2018 O16"]
[Site "Halkidiki"]
[Date "2018.10.30"]
[Round "11"]
[White "Faerber, David"]
[Black "Petkov, Matey"]
[Result "1-0"]
[ECO "C41"]
[WhiteElo "2279"]
[BlackElo "2164"]
[Annotator "NA"]
[PlyCount "81"]
[EventDate "2018.10.20"]
[EventType "swiss"]
[EventCountry "GRE"]
[SourceTitle "playchess.com"]
[Source "ChessBase"]
[SourceQuality "1"]
[TimeControl "40/5400+30:1800+30"]

1. e4 e5 2. Nf3 d6 3. d4 exd4 4. Nxd4 Nf6 5. Nc3 Be7 6. Be2 O-O 7. Bf4 {[%emt 0:00:07] C41: Philidor Defence} Re8 8. Qd2 Bf8 9. f3 c6 (9... Nc6 10. O-O-O Nxd4 11. Qxd4 Be6 12. Kb1 Nd7 13. g4 a6 14. h4 b5 {0-1 (44) Grischuk,A (2750)-Rapport,R (2698) chess.com INT 2017}) 10. O-O-O b5 11. Kb1 b4 12. Na4 Bd7 13. b3 d5 14. e5 Nh5 $146 ({Predecessor:} 14... c5 15. exf6 cxd4 16. fxg7 Bxg7 17. Bg5 Qc7 {½-½ (17) Koch,H (2279)-Pligin,S (2446) ICCF email 2009}) 15. Bg5 f6 16. exf6 Nxf6 17. f4 c5 (17... Ne4 $11 {remains equal.} 18. Bxd8 Nxd2+ 19. Rxd2 Rxd8) 18. Nf3 Bxa4 19. Bxf6 gxf6 20. bxa4 d4 21. Bb5 Nd7 22. Rhe1 Rxe1 23. Qxe1 Nb6 24. Qe6+ Kh8 25. Re1 Bg7 26. Bc6 Rc8 27. a5 Nc4 28. Qxc4 Rxc6 29. Qf7 Rc8 30. Re7 Qg8 31. a6 Ra8 32. Nd2 Qxf7 33. Rxf7 Kg8 34. Rc7 f5 35. Rxc5 Re8 36. Nf3 Re6 37. Rc8+ Bf8 38. Ne5 Kg7 39. Rc7+ Re7 40. Rxe7+ Bxe7 41. Nc6 $18 1-0

[Event "WYCC 2018 O16"]
[Site "Halkidiki"]
[Date "2018.10.30"]
[Round "11"]
[White "Talukdar, Rohan"]
[Black "Filgueiras, Nathan Felipe"]
[Result "1-0"]
[ECO "C55"]
[WhiteElo "2279"]
[BlackElo "2188"]
[Annotator "ChessBase"]
[PlyCount "137"]
[EventDate "2018.10.20"]
[EventType "swiss"]
[EventCountry "GRE"]
[SourceTitle "playchess.com"]
[Source "ChessBase"]
[SourceQuality "1"]
[TimeControl "40/5400+30:1800+30"]

1. e4 e5 2. Nf3 Nc6 3. Bc4 Nf6 4. d3 Be7 5. O-O O-O 6. Bb3 d6 7. c3 Kh8 8. Nbd2 Ng8 9. d4 Bg4 10. h3 Bh5 11. d5 Nb8 12. Bc2 Bg6 13. Re1 c6 14. c4 Nd7 15. Nf1 Ngf6 16. Ng3 a5 17. Be3 cxd5 18. cxd5 Rc8 19. Rc1 Nc5 20. Nd2 Nfd7 21. a3 b5 22. b4 axb4 23. axb4 Na6 24. Rb1 Nb6 25. Bd3 Nc4 26. Qe2 Nxe3 27. Qxe3 Rb8 28. Rec1 Bg5 29. Qe2 Rb6 30. Rc2 Qd7 31. Ra2 Qb7 32. Raa1 Bxd2 33. Qxd2 Rc8 34. Ra5 f6 35. Ne2 Be8 36. f4 Kg8 37. Rf1 Qe7 38. Rfa1 Nb8 39. f5 Qc7 40. Qe3 Rb7 41. Ra7 Nd7 42. Bxb5 Rxa7 43. Rxa7 Qb6 44. Qxb6 Nxb6 45. Ba6 Rc2 46. Rb7 Na4 47. Kf1 Kf8 48. Rb8 Ke7 49. Rb7+ Kf8 50. Ke1 h5 51. Kd1 Ra2 52. Rb8 Ke7 53. Kc1 h4 54. Bd3 Bh5 55. Rb7+ Kf8 56. Rb8+ Ke7 57. Rb7+ Kf8 58. Bc4 Rxe2 59. Bxe2 Bxe2 60. Kc2 Bf1 61. Kb3 Nc5+ 62. bxc5 dxc5 63. d6 Ke8 64. Rxg7 Bd3 65. Rg4 Kd7 66. Rxh4 Kxd6 67. Kc3 Bf1 68. Rg4 Be2 69. Rg7 {[%emt 0:00:11] Kd5} 1-0

[Event "WYCC 2018 O16"]
[Site "Halkidiki"]
[Date "2018.10.30"]
[Round "11"]
[White "Nielsen, Andre"]
[Black "Araoz Andrade, Ivan Alexander"]
[Result "1-0"]
[ECO "B90"]
[WhiteElo "2260"]
[BlackElo "1919"]
[Annotator "NA"]
[PlyCount "45"]
[EventDate "2018.10.20"]
[EventType "swiss"]
[EventCountry "GRE"]
[SourceTitle "playchess.com"]
[Source "ChessBase"]
[SourceQuality "1"]
[TimeControl "40/5400+30:1800+30"]

1. e4 c5 2. Nf3 d6 3. d4 cxd4 4. Nxd4 Nf6 5. Nc3 a6 6. Bc4 e6 7. Bb3 Nbd7 8. f4 Nc5 9. f5 Be7 10. Qf3 Nxb3 11. axb3 O-O 12. Be3 Kh8 $146 {[%emt 0:06:46] B86: Sicilian Scheveningen/Najdorf: 6 Bc4, without early ...b5} ({Predecessor:} 12... Nd7 13. O-O-O Ne5 14. Qe2 Bd7 15. g4 b5 16. Kb1 Re8 17. Rhg1 b4 18. Na4 Qa5 19. g5 Bxa4 20. bxa4 Qxa4 {1-0 (71) Balzar,A (2352)-Heinemann,T (2453) Germany 2005}) 13. g4 Nd7 14. O-O-O Ne5 15. Qf4 Qa5 16. g5 Bd7 (16... f6 $1 $14) 17. Kb1 Rac8 18. Rhg1 Qb4 19. Rg3 Nc4 20. bxc4 e5 21. Qh4 exd4 22. Nd5 Qxc4 {[%emt 0:00:45] [#]} 23. Qxh7+ 1-0

[Event "WYCC 2018 O16"]
[Site "Halkidiki"]
[Date "2018.10.30"]
[Round "11"]
[White "Vatsal Singhania"]
[Black "Peng, Hongchi"]
[Result "1/2-1/2"]
[ECO "A05"]
[WhiteElo "2128"]
[BlackElo "2273"]
[Annotator "NA"]
[PlyCount "183"]
[EventDate "2018.10.20"]
[EventType "swiss"]
[EventCountry "GRE"]
[SourceTitle "playchess.com"]
[Source "ChessBase"]
[SourceQuality "1"]
[TimeControl "40/5400+30:1800+30"]

1. Nf3 Nf6 2. g3 g6 3. Bg2 Bg7 4. O-O O-O 5. d4 d6 6. b3 e5 7. Bb2 {[%emt 0:01:32] A49: 1 d4 Nf6 2 Nf3 g6 3 g3: Anti-King's Indian systems} Re8 8. dxe5 Ng4 9. Nbd2 Nc6 10. Nc4 $146 ({Predecessor:} 10. Qc1 dxe5 11. h3 e4 12. Bxg7 Kxg7 13. hxg4 exf3 14. Bxf3 Ne5 15. Ne4 Bxg4 16. Qb2 Bf5 17. Kg2 {0-1 (47) Ginzburg,Y (2406)-Tseshkovsky,V (2564) Irkutsk 2010}) 10... d5 11. Ne3 Nxe3 12. fxe3 Bg4 13. Kh1 Bxf3 14. exf3 Bxe5 15. Bxe5 Rxe5 16. Qd2 Qe7 17. Rae1 Re8 18. f4 Rxe3 19. Rxe3 Qxe3 20. Qxe3 Rxe3 21. Bxd5 Nb4 22. Bxb7 Re2 23. Kg1 Rxc2 24. a3 Nd3 25. Be4 Rd2 26. Bxd3 Rxd3 27. b4 Rc3 28. Kg2 Kf8 29. Rf3 Rc2+ 30. Rf2 Rc1 31. Re2 Rc3 32. Re5 Rxa3 33. Rc5 Ke7 34. Rxc7+ Ke6 35. h4 h5 36. b5 f6 37. Kh3 Kf5 38. Rc4 Rd3 39. Rc7 Ra3 40. Rc4 Ra1 41. Rb4 Rh1+ 42. Kg2 Rd1 43. Kh3 Rd6 44. Ra4 Rd7 45. Ra5 Ke4 46. Ra6 Kf3 47. b6 axb6 48. Rxb6 Rd1 49. Rb3+ Kf2 50. Rb2+ Ke3 51. Rb6 Kf3 52. Rb3+ Kf2 53. Rb2+ Kg1 54. Ra2 Re1 55. Rb2 Kf1 56. Ra2 Re2 57. Ra1+ Kf2 58. Rb1 Kf3 59. Rb6 Kf2 60. Rb1 Re3 61. Rb2+ Kf3 62. Rb6 Kf2 63. Rb2+ Re2 64. Rb1 Ra2 65. Rc1 Ra3 66. Rc2+ Kf3 67. Rb2 Rc3 68. Ra2 Rc1 69. Ra3+ Kf2 70. Ra2+ Kf1 71. Rb2 Kg1 72. Ra2 Rc3 73. Rb2 f5 74. Ra2 Re3 75. Rb2 Kf1 76. Ra2 Re2 77. Ra1+ Kf2 78. Ra6 Rd2 79. Ra1 Re2 80. Ra6 Kf1 81. Ra1+ Re1 82. Ra2 Rb1 83. Rc2 Kg1 84. Ra2 Rb3 85. Rc2 Re3 86. Ra2 Kf1 87. Rb2 Re2 88. Rb1+ Kf2 89. Ra1 Kf3 90. Ra3+ Re3 $11 91. Ra6 Re1 92. Ra3+ 1/2-1/2

[Event "WYCC 2018 O16"]
[Site "Halkidiki"]
[Date "2018.10.30"]
[Round "11"]
[White "Carlsson, Ludvig"]
[Black "Lund, Gunnar"]
[Result "1/2-1/2"]
[ECO "E06"]
[WhiteElo "2058"]
[BlackElo "2227"]
[Annotator "NA"]
[PlyCount "152"]
[EventDate "2018.10.20"]
[EventType "swiss"]
[EventCountry "GRE"]
[SourceTitle "playchess.com"]
[Source "ChessBase"]
[SourceQuality "1"]
[TimeControl "40/5400+30:1800+30"]

1. Nf3 Nf6 2. c4 e6 3. g3 d5 4. d4 Be7 5. Bg2 O-O 6. O-O dxc4 7. Qc2 a6 8. Qxc4 b5 9. Qc2 Bb7 10. Bg5 Nbd7 11. Nbd2 Rc8 12. Bxf6 Nxf6 13. Nb3 Be4 14. Qc1 c5 15. dxc5 {[%emt 0:00:09] E05: Open Catalan: 5 Nf3 Be7} Qc7 {[%emt 0:01:01] LiveBook: 23 Games} 16. Qf4 {[%emt 0:00:10] [#]} (16. Rd1 a5 17. c6 Bxc6 18. Nfd4 Bxg2 19. Qxc7 Rxc7 20. Kxg2 a4 21. Nxb5 Rb7 22. N3d4 Bc5 {½-½ (45) Harikrishna,P (2755)-So,W (2822) Shamkir 2017}) 16... Bxc5 $146 ({Predecessor:} 16... Qxf4 17. gxf4 Bxc5 18. Ne5 Bd6 19. Bxe4 Nxe4 20. Rfc1 g5 21. f3 Nf6 22. Nc6 gxf4 {0-1 (69) Orlinkov,M (2399)-Tunik,G (2503) St Petersburg 2002}) 17. Nxc5 Qxc5 18. Rac1 Qd5 19. Rxc8 Rxc8 20. Rc1 Rd8 21. Qc7 h6 22. Ne5 Rf8 23. Bh3 Bf5 24. Bxf5 exf5 25. b3 Qe4 26. e3 Nd5 27. Qd6 Nxe3 28. f3 Qa8 29. Nc6 Kh8 30. Kf2 Re8 (30... f4 $11) 31. Nd4 (31. Qd7 $16) 31... Rd8 32. Qe5 Re8 33. Qc5 f4 34. gxf4 Nd5 35. Kg3 Nf6 36. Qc6 Qb8 37. Qc7 Qa8 38. Qxf7 Rf8 39. Qg6 Qd5 40. Nf5 Nh5+ 41. Qxh5 Rxf5 42. Qg6 Rf8 43. Qe4 Qd2 44. Rc2 Qd1 45. Kh3 Qd7+ 46. Kg3 Qd1 47. Rg2 Qd7 48. Re2 Qf7 49. Rd2 Re8 50. Qd5 Qg6+ 51. Kf2 Qf6 52. Qd4 Qh4+ 53. Kg2 Rf8 54. Re2 Rf6 55. Re4 Rg6+ 56. Kh1 Qh3 57. Qf2 Rc6 58. Re1 Rc3 59. Qg2 Qxf3 60. Qxf3 Rxf3 61. Re6 Rxf4 62. Rxa6 Rf2 63. Kg1 Rb2 64. Rb6 Rxa2 65. Rxb5 Rb2 66. Rb6 Kh7 67. b4 h5 68. Rb5 Kh6 69. Rb7 h4 70. b5 h3 71. Rb6+ Kh7 72. Rb8 Rg2+ 73. Kh1 Rb2 74. Kg1 Rg2+ 75. Kh1 Rf2 76. Kg1 Rg2+ $11 1/2-1/2

[Event "WYCC 2018 O16"]
[Site "Halkidiki"]
[Date "2018.10.30"]
[Round "11"]
[White "Kim, Yunseo"]
[Black "Ongut, Tamas Gunes"]
[Result "1/2-1/2"]
[ECO "C92"]
[WhiteElo "1995"]
[BlackElo "2185"]
[Annotator "NA"]
[PlyCount "68"]
[EventDate "2018.10.20"]
[EventType "swiss"]
[EventCountry "GRE"]
[SourceTitle "playchess.com"]
[Source "ChessBase"]
[SourceQuality "1"]
[TimeControl "40/5400+30:1800+30"]

1. e4 e5 2. Nf3 Nc6 3. Bb5 a6 4. Ba4 Nf6 5. O-O Be7 6. Re1 b5 7. Bb3 O-O 8. c3 d6 9. h3 Bb7 10. d4 Nd7 11. Nbd2 exd4 12. cxd4 Bf6 13. Nf1 Na5 14. Bc2 c5 15. d5 Re8 16. Ne3 Ne5 17. Nh2 Nac4 18. Rb1 Nxe3 $11 19. Bxe3 Bc8 20. b3 g6 21. f4 Nd7 22. Nf3 a5 23. Bf2 Bg7 24. Bg3 f6 25. Bd3 Qb6 26. Kh1 Bb7 27. a4 c4 28. bxc4 b4 29. Qc2 Ba6 30. Bf2 Qc7 31. Nd4 Nc5 32. Nb5 Bxb5 33. cxb5 Rac8 34. Bxc5 dxc5 1/2-1/2